AoeStats
← Adams1491

Nomad

510539333Analyzed
4v4 RM · 1d ago on Oct 1, 2026· 51m 13s· 8 players
Game mode
Random Map
Map size
231×231
Population
200
Speed
Normal
Resources
Standard
Victory
Conquest
Starting age
Dark Age
Ending age
Imperial Age
RankedLock teamsTeams togetherTeam positionsShared explorationLock speedFull tech treeHidden civsTurbo modeCheats
Victory
Defeat
🇭🇰 Mongols · Hong Kong SAR China
1466
+11
🇨🇳 Japanese · China
1358
+15
🇬🇧 Berbers · United Kingdom
1346
+16
🇨🇳 Cumans · China
1276
+19
🇹🇼 Varangians · Taiwan
1402
-18
1387
-17
🇳🇱 Goths · Netherlands
1311
-14
🇲🇽 Byzantines · Mexico
1271
-12
Whomping
4:53 Loom
13:21 Feudal Age
14:17 Double-Bit Axe
20:45 Castle Age
18:28 Horse Collar
18:56 Gold Mining
20:15 Fletching
21:53 Bow Saw
22:28 Gold Shaft Mining
21:57 Heavy Plow
26:20 Stone Mining
29:39 Bodkin Arrow
30:48 Padded Archer Armor
32:50 Ballistics
32:40 Husbandry
32:51 Bloodlines
33:52 Thumb Ring
34:00 Bloodlines
36:15 Leather Archer Armor
40:13 Imperial Age
38:19 Wheelbarrow
38:34 Scale Barding Armor
39:30 Masonry
39:48 Hand Cart
41:51 Conscription
42:09 Hoardings
42:15 Hoardings
42:01 Conscription
41:13 Heavy Camel Rider
43:26 Maghrebi Camels
43:08 Light Cavalry
44:36 Chain Barding Armor
44:27 Forging
46:03 Plate Barding Armor
47:09 Crop Rotation
47:28 Stone Shaft Mining
48:10 Hussar
50:25 Iron Casting
清纯帝
13:02 Feudal Age
13:35 Man-at-Arms
19:23 Loom
36:39 Castle Age
35:49 Bloodlines
36:36 Forging
37:25 Capped Ram
41:42 Iron Casting
43:57 Pikeman
47:25 Horse Collar
48:59 Heavy Plow
48:44 Double-Bit Axe
52:01 Imperial Age
50:44 Wheelbarrow
50:16 Scale Mail Armor
50:49 Bow Saw
51:39 Chain Mail Armor
51:27 Squires
51:12 Arson
wuming
3:12 Loom
4:09 Loom
15:09 Feudal Age
15:31 Fishing Lines
17:04 Town Watch
17:11 Double-Bit Axe
17:19 Gold Mining
20:01 Castle Age
18:47 Forging
21:06 Medium Warships
20:47 Gillnets
21:33 Iron Casting
26:12 Scale Mail Armor
35:16 Pikeman
35:57 Squires
36:17 Fletching
47:52 Ballistics
49:08 Fortified Wall
48:39 Treadmill Crane
50:45 Masonry
survivorsteven
5:35 Loom
13:17 Feudal Age
14:34 Double-Bit Axe
17:09 Castle Age
16:53 Gold Mining
18:06 Bow Saw
20:19 Town Watch
21:12 Wheelbarrow
21:20 Horse Collar
25:47 Scale Barding Armor
26:40 Bloodlines
26:30 Husbandry
26:44 Stone Mining
29:34 Hand Cart
29:52 Forging
31:16 Chain Barding Armor
35:16 Imperial Age
33:59 Gold Shaft Mining
33:59 Stone Shaft Mining
33:18 Fletching
33:35 Light Cavalry
34:12 Bodkin Arrow
34:25 Heavy Plow
36:01 Bracer
36:24 Conscription
38:28 Elite Mangudai
39:15 Padded Archer Armor
41:30 Leather Archer Armor
43:10 Thumb Ring
44:01 Ballistics
44:31 Hoardings
46:38 Chemistry
51:39 Medium Warships
twitch.tv/skof03
5:30 Loom
13:59 Feudal Age
14:38 Double-Bit Axe
16:48 Man-at-Arms
Schrutef4rms
5:45 Loom
13:53 Feudal Age
14:57 Double-Bit Axe
20:22 Castle Age
19:36 Gold Mining
19:28 Horse Collar
21:26 Medium Warships
21:36 Bow Saw
21:27 Heavy Plow
22:39 Fletching
26:20 Bodkin Arrow
31:55 Scale Mail Armor
32:07 Forging
Adams1491
4:55 Loom
14:30 Feudal Age
15:32 Double-Bit Axe
15:56 Fletching
21:28 Castle Age
21:19 Padded Archer Armor
21:12 Gold Mining
23:09 Bodkin Arrow
23:53 Bow Saw
26:26 Wheelbarrow
28:31 Horse Collar
32:03 Imperial Age
30:17 Hand Cart
30:21 Stone Mining
30:49 Town Watch
32:23 Stone Shaft Mining
35:33 Scale Barding Armor
36:25 Forging
36:54 Conscription
36:08 Vendel Legacy
37:45 Chain Barding Armor
38:09 Bloodlines
37:22 Cavalier
38:07 Husbandry
40:37 Plate Barding Armor
44:27 Iron Casting
48:12 Murder Holes
49:41 Bracer
49:05 Cranequins
反派世界男主角
14:10 Feudal Age
13:23 Loom
14:35 Double-Bit Axe
15:37 Fishing Lines
17:22 Loom
21:28 Castle Age
22:41 Bow Saw
23:16 Bow Saw
24:16 Wheelbarrow
24:39 Medium Warships
24:38 Gold Mining
25:29 Gillnets
26:54 Gold Shaft Mining
26:15 Stone Mining
26:35 Horse Collar
27:32 Heavy Plow
32:43 Imperial Age
30:30 Hand Cart
32:02 Bloodlines
31:53 Husbandry
32:35 Scale Barding Armor
32:40 Forging
32:35 Scale Barding Armor
32:40 Forging
32:35 Scale Barding Armor
32:41 Forging
32:36 Scale Barding Armor
34:09 Two-Man Saw
33:44 Crop Rotation
32:39 Cavalier
34:03 Conscription
35:18 Iron Casting
35:04 Chain Barding Armor
35:19 Iron Casting
35:04 Chain Barding Armor
35:19 Iron Casting
36:06 Chain Barding Armor
35:11 Light Cavalry
36:22 Savar
36:23 Hussar
37:07 Hussar
37:07 Heavy Camel Rider
39:15 Blast Furnace
38:50 Plate Barding Armor
39:16 Blast Furnace
38:51 Plate Barding Armor
39:16 Blast Furnace
40:34 Plate Barding Armor
Connection lost

Rejoining the realm…

Still unreachable

The connection could not be restored.

Session expired

The server has moved on; the page needs a fresh start.